 Dungeon Crawl Stone Soup version 0.13-a0-3016-gcb2faac (webtiles) character file.

224 Gruud the Insei (level 4, -2/34 HPs)
             Began as a Demonspawn Monk on Sept 11, 2013.
             Slain by Econoterrorist's ghost (9 damage)
             ... on Level 3 of the Dungeon.
             The game lasted 00:08:27 (2823 turns).

Gruud the Insei (Demonspawn Monk)                   Turns: 2823, Time: 00:08:27

HP  -2/34        AC  3     Str 12      XL: 4   Next: 61%
MP   3/3         EV 13     Int 12      God:
Gold 114         SH  0     Dex 17      Spells:  0 memorised,  3 levels left

Res.Fire  : . . .   See Invis. : .     - Unarmed
Res.Cold  : . . .   Warding    : .   a - +0 robe
Life Prot.: . . .   Conserve   : .   (no shield)
Res.Poison: .       Res.Corr.  : .   (no helmet)
Res.Elec. : .       Clarity    : .   (no cloak)
Sust.Abil.: . .     Spirit.Shd : .   (no gloves)
Res.Mut.  : .       Stasis     : .   (no boots)
Res.Rott. : .       Flight     : .   (no amulet)
Saprovore : . . .                    v - +1 ring of strength
                                     i - +1 ring of dexterity

@: slightly resistant to hostile enchantments, stealthy
A: nightstalker 1, AC +1
a: no special abilities


You were on level 3 of the Dungeon.
You were not hungry.

You visited 1 branch of the dungeon, and saw 3 of its levels.

You collected 114 gold pieces.

Inventory:

Hand weapons
 o - a +1,+0 elven dagger
 s - a +1,+1 dwarven dagger of speed (quivered)
Armour
 a - a +0 robe (worn)
Comestibles
 b - 4 bread rations
 n - 2 meat rations
Scrolls
 d - 4 scrolls of amnesia
 e - 3 scrolls of identify
 g - a scroll of noise {unknown}
 h - a scroll of teleportation {unknown}
 k - a scroll of enchant weapon I {unknown}
 m - a scroll of curse weapon {unknown}
 p - a scroll of fear {unknown}
 r - a scroll of remove curse {unknown}
 u - 3 scrolls of fog {unknown}
 y - a scroll of enchant weapon II {unknown}
Jewellery
 i - a +1 ring of dexterity (left hand)
 v - a +1 ring of strength (right hand)
Potions
 c - 2 potions of restore abilities
 f - a potion of invisibility
 j - 3 potions of heal wounds
 l - a potion of agility
 t - a potion of curing
Books
 q - a book of Unlife

   Spells                             Type                      Level
   Recall                             Summoning/Translocation      3
   Animate Dead                       Necromancy                   4
   Control Undead                     Necromancy                   4
   Twisted Resurrection               Necromancy                   5
   Death Channel                      Necromancy                   6
   Simulacrum                         Ice/Necromancy               6


   Skills:
 - Level 3.0 Fighting
 * Level 2.6 Short Blades
 - Level 2.6 Dodging
 - Level 1.7 Stealth
 - Level 4.6 Unarmed Combat


You had 3 spell levels left.
You didn't know any spells.

Dungeon Overview and Level Annotations

Branches:
Dungeon (3/27)

Altars:
Kikubaaqudgha
Trog

Portals:
Ziggurat: D:3 (4060 gp)

Annotations:
D:3 Econoterrorist's ghost, average DsGl


Innate Abilities, Weirdness & Mutations

You are partially covered in icy blue scales (AC +1).
You are slightly more attuned to the shadows.


Message History

You barely miss Econoterrorist's ghost.
Econoterrorist's ghost is lightly damaged.
Econoterrorist's ghost barely misses you.
You hit Econoterrorist's ghost but do no damage.
Econoterrorist's ghost is lightly damaged.
You closely miss Econoterrorist's ghost.
Econoterrorist's ghost is lightly damaged.
Econoterrorist's ghost closely misses you.
You closely miss Econoterrorist's ghost.
Econoterrorist's ghost is lightly damaged.
Econoterrorist's ghost hits you!
You closely miss Econoterrorist's ghost.
Econoterrorist's ghost is lightly damaged.
Econoterrorist's ghost hits you!
You miss Econoterrorist's ghost.
Econoterrorist's ghost is lightly damaged.
Econoterrorist's ghost hits you!
* * * LOW HITPOINT WARNING * * *
Econoterrorist's ghost hits you!
You die...

....####.##....############.#....
##### #.##...........#####......
# #..'..............##...#%# #
#.##............#.##...... #
#.##.......∩.............. #
#.##...................... #
#.##..............##...#.#
########.##..............##...#.#
................@p...............
########.##....########(.##......
.........##....# #..##...#..
############....#######..##...#.#
# #.............%......# #
..........#..##...#.# #
#?.........#.......... #
#..........#..##...#.# #
#.....................


You could see Econoterrorist's ghost.

Vanquished Creatures
  5 adders (D:2)
  A worm (D:2)
  2 giant geckos
  An ooze (D:3)
  3 orcs (D:3)
  3 bat zombies (D:2)
  2 giant cockroaches
  3 hobgoblins
  A jackal (D:2)
  7 bats
  4 giant newts
  8 goblins
  3 kobolds
  A quokka (D:3)
  11 rats
  3 rat zombies (D:2)
58 creatures vanquished.

Notes
Turn   | Place    | Note
--------------------------------------------------------------
     0 | D:1      | Gruud, the Demonspawn Monk, began the quest for the Orb.
     0 | D:1      | Reached XP level 1. HP: 16/16 MP: 0/0
     7 | D:1      | Noticed a four-headed hydra
     7 | D:1      | Noticed a polar bear
     7 | D:1      | Noticed a komodo dragon
     7 | D:1      | Noticed a killer bee
     9 | D:1      | Noticed a salamander
   211 | D:1      | Reached skill level 4 in Unarmed Combat
   433 | D:1      | Gained mutation: You are partially covered in icy blue scales (AC +1). [demonic ancestry]
   433 | D:1      | Reached XP level 2. HP: 19/22 MP: 1/1
   860 | D:2      | Gained mutation: You are slightly more attuned to the shadows. [demonic ancestry]
   860 | D:2      | Reached XP level 3. HP: 15/28 MP: 2/2
  1153 | D:2      | Reached skill level 1 in Short Blades
  1244 | D:2      | Reached XP level 4. HP: 18/34 MP: 3/3
  1595 | D:2      | Found an ancient bone altar of Kikubaaqudgha.
  1664 | D:2      | Found a bloodstained altar of Trog.
  2141 | D:3      | Found a gateway to a ziggurat.
  2303 | D:3      | Noticed Econoterrorist's ghost (average DsGl)
  2823 | D:3      | Slain by Econoterrorist's ghost

Action                   |  1- 3 |  4- 6 || total
-------------------------+-------+-------++-------
Melee: Unarmed           |   101 |   119 ||   220
       Dagger            |       |    23 ||    23
  Use: Scroll            |       |     5 ||     5
 Stab: Sleeping          |     6 |     3 ||     9
       Distracted        |     1 |       ||     1
